 Dungeon Crawl Stone Soup version 0.30-a0-283-gf371ce1921 (webtiles) character file.

Game seed: 17290328695817078116

2253 Caerun the Zephyrmancer (level 9, -5/48 HPs)
             Began as a Tengu Air Elementalist on Oct 17, 2022.
             Was a Follower of Vehumet.
             Killed from afar by a steam dragon (14 damage)
             ... with a ball of steam
             ... on level 8 of the Dungeon.
             The game lasted 00:17:54 (8938 turns).

Caerun the Zephyrmancer (Tengu Air Elementalist)    Turns: 8938, Time: 00:17:55

Health: -5/48      AC:  6    Str:  8    XL:     9   Next: 37%
Magic:  15/19      EV: 15    Int: 21    God:    Vehumet [*.....]
Gold:   1440       SH:  0    Dex: 14    Spells: 15/21 levels left

rFire   . . .      SeeInvis .    C - +2 spear (freeze)
rCold   . . .      Faith    .    (no shield)
rNeg    . . .      Spirit   .    y - +0 troll leather armour {Pargi}
rPois   .          Reflect  .    (helmet restricted)
rElec   .          Harm     .    (no cloak)
rCorr   .          Rampage  .    r - +1 pair of gloves
Will    .....                    (boots unavailable)
Stlth   ++........               (no amulet)
HPRegen 1.08/turn                (no ring)
MPRegen 0.16/turn                (no ring)

@: flying quickly and evasively, quick
A: beak, talons 3, nimble flight
a: Renounce Religion


You were on level 8 of the Dungeon.
You worshipped Vehumet.
Vehumet was aware of your devotion.
You visited 2 branches of the dungeon, and saw 9 of its levels.
You also visited: Sewer and Ossuary.

You collected 1440 gold pieces.

Inventory:

Hand Weapons
 C - a +2 spear of freezing (weapon)
Armour
 r - a +1 pair of gloves (worn)
 y - a +0 troll leather armour (worn) {Pargi}
Jewellery
 a - an amulet of magic regeneration
 l - a ring of ice
 x - an amulet of guardian spirit
 B - a ring of willpower
Wands
 b - a wand of flame (18)
 g - a wand of digging (2)
 D - a wand of quicksilver (5)
Scrolls
 d - a scroll of noise
 h - a scroll of amnesia
 j - 2 scrolls of enchant armour {unknown}
 o - 2 scrolls of enchant weapon
 p - a scroll of summoning
 q - 4 scrolls of butterflies
 s - 5 scrolls of teleportation
 t - 3 scrolls of torment {unknown}
 w - a scroll of immolation {unknown}
 A - 3 scrolls of identify
 E - a scroll of fear {unknown}
Potions
 c - 4 potions of curing
 e - a potion of ambrosia {unknown}
 f - 2 potions of might
 i - 2 potions of lignification {unknown}
 k - 2 potions of brilliance {unknown}
 m - 5 potions of attraction {unknown}
 n - 4 potions of flight {unknown}
 u - a potion of degeneration {unknown}
 v - 3 potions of haste {unknown}
 z - 4 potions of heal wounds {unknown}


   Skills:
 + Level 1.7 Fighting
 + Level 2.5 Armour
 + Level 3.8 Dodging
 + Level 3.0 Stealth
 + Level 1.6 Unarmed Combat
 + Level 6.6 Spellcasting
 + Level 7.7 Conjurations
 + Level 9.0 Air Magic


You had 15 spell levels left.
You knew the following spells:

 Your Spells              Type           Power      Damage    Failure   Level
a - Shock                 Conj/Air       100%       1d9       1%          1
b - Swiftness             Air            45%        N/A       1%          3
c - Static Discharge      Conj/Air       84%        2-6/arc   1%          2

Your spell library contained the following spells:

 Spells                   Type           Power      Damage    Failure   Level
 Sandblast                Erth           12%        2d6       13%         1
 Kiss of Death            Conj/Necr      92%        2d12      2%          1
 Airstrike                Air            22%        2d(4-20)  3%          4
 Vhi's Electric Charge    Tloc/Air       50%        N/A       6%          3
 Kindle Blastsparks       Fire/Tloc/Air  38%        2d13      11%         3
 Arcjolt                  Conj/Air       21%        1d31      11%         5
 Lightning Bolt           Conj/Air       21%        1d36      11%         5
 Slow                     Hex            24%        N/A       13%         1
 Fulminant Prism          Conj/Hex       11%        3d9       26%         4
 Iskenderun's Mystic Bla  Conj/Tloc      23%        2d6       26%         4
 Confusing Touch          Hex            6%         N/A       36%         3
 Portal Projectile        Hex/Tloc       12%        N/A       36%         3
 Tukima's Dance           Hex            6%         N/A       36%         3
 Vampiric Draining        Necr           6%         2d6       36%         3
 Dispel Undead            Necr           6%         3d8       78%         4
 Blade Hands              Tmut           3%         N/A       98%         5
 Lee's Rapid Deconstruct  Erth           3%         3d5*      98%         5


Dungeon Overview and Level Annotations

Branches:
Dungeon (8/15)             Temple (1/1) D:5           Sewer (visited)
Ossuary (visited)
   Lair: D:8-11

Altars:
Ashenzari
Cheibriados
Dithmenos
Elyvilon
Fedhas
Gozag
Hepliaklqana
Kikubaaqudgha
Makhleb
Okawaru
Qazlal
Ru
Trog
Uskayaw
Vehumet
Wu Jian
Xom
Yredelemnul
Zin
The Shining One

Shops:
D:1 [   D:5 (*

Annotations:
D:7 2 runed translucent doors, paps's ghost, novice DESu


Innate Abilities, Weirdness & Mutations

You have a beak for a mouth.
You have claws for feet.
Your magical nature lets you fly swiftly and evasively.


Message History

The zap hits the steam dragon!
The steam dragon is heavily wounded.
The steam dragon breathes steam at you. The ball of steam hits you.
You can't see any susceptible monsters within range! (Use Z to cast anyway.)
You can't see any susceptible monsters within range! (Use Z to cast anyway.)
Found a runed leather armour.
You are engulfed in a cloud of scalding steam.
You can't see any susceptible monsters within range! (Use Z to cast anyway.)
The zap misses the steam dragon.
The zap hits the steam dragon!
The steam dragon is severely wounded.
The steam dragon breathes steam at you. The ball of steam hits you!
You can't see any susceptible monsters within range! (Use Z to cast anyway.)
You can't see any susceptible monsters within range! (Use Z to cast anyway.)
You can't see any susceptible monsters within range! (Use Z to cast anyway.)
You can't see any susceptible monsters within range! (Use Z to cast anyway.)
You are engulfed in a cloud of scalding steam.
The zap hits the steam dragon.
The steam dragon is severely wounded.
You are engulfed in a cloud of scalding steam.
The zap hits the steam dragon.
The steam dragon is severely wounded.
The steam dragon breathes steam at you. The ball of steam hits you!
You are too injured to fight recklessly!
You are too injured to fight recklessly!
The steam dragon bites you.
The steam dragon claws you but does no damage.
You hit the steam dragon but do no damage.
You claw the steam dragon, but do no damage.
The steam dragon is severely wounded.
The steam dragon bites you!
* * * LOW HITPOINT WARNING * * *
The steam dragon claws you.
* * * LOW HITPOINT WARNING * * *
The steam dragon breathes steam at you. The ball of steam hits you!
You die...

#.#....##. ##.....
#....#.# .......
###..##.# .......
#...>...# .......
#.##.######+#.......
#. #.# #............
# #.# #§§§D.....#
#.# #.§.§.....#
#.######@######
#.##.....#
####.##.#####
+.......# ####.####
#.# #.. ##. ##


You could see a steam dragon (catching breath).

Vanquished Creatures
  Grinder (D:4)
  Sigmund (D:4)
  A steam dragon (D:7)
  Pargi (Sewer)
  An ice beast (D:5)
  2 ogres (D:5)
  A phantom (D:5)
  A kobold brigand (D:7)
  A bullfrog (D:7)
  3 scorpions
  2 howler monkeys
  2 jellies
  A hound (D:5)
  2 orc priests (D:6)
  2 gnoll boudas (D:7)
  2 human zombies (Ossuary)
  An iguana (D:6)
  Jessica (D:2)
  2 orc wizards
  2 hound zombies (Ossuary)
  4 mummies (Ossuary)
  Robin (D:4)
  18 gnolls
  14 adders
  An ufetubus (D:5)
  An adder zombie (Ossuary)
  4 dart slugs
  5 worms
  8 orcs
  10 ball pythons
  An endoplasm (D:4)
  8 giant cockroaches
  39 goblins
  35 hobgoblins
  4 jackals (D:4)
  12 kobolds
  4 quokkas
  2 bats
  5 frilled lizards (Sewer)
  2 goblin zombies (Ossuary)
  A hobgoblin zombie (Ossuary)
  2 orc zombies (Ossuary)
  7 rats
  2 rat zombies (Ossuary)
220 creatures vanquished.

Notes
Turn   | Place    | Note
-------+----------+-------------------------------------------
     0 | D:1      | Caerun the Tengu Air Elementalist began the quest for the
                  | Orb.
     0 | D:1      | Reached XP level 1. HP: 10/10 MP: 4/4
    85 | D:1      | Reached XP level 2. HP: 13/15 MP: 1/6
   147 | D:1      | Found Homip's Armour Emporium.
   390 | D:1      | Reached XP level 3. HP: 19/19 MP: 2/7
   948 | D:2      | Reached skill level 5 in Air Magic
  1145 | D:2      | Noticed Jessica
  1154 | D:2      | Killed Jessica
  1155 | D:2      | Reached XP level 4. HP: 24/24 MP: 2/8
  1589 | D:2      | You fall into a shaft and drop 2 floors!
  1697 | D:4      | Gained mutation: Your magical nature lets you fly swiftly
                  | and evasively. [Tengu growth]
  1697 | D:4      | Reached XP level 5. HP: 28/28 MP: 7/10
  1871 | D:4      | Noticed Sigmund
  1909 | D:3      | Found a sacrificial altar of Ru.
  1911 | D:3      | Found a faded altar of an unknown god.
  1961 | D:3      | Learned a level 3 spell: Swiftness
  2428 | D:3      | Reached skill level 6 in Air Magic
  2475 | D:3      | Found a shadowy altar of Dithmenos.
  2476 | D:3      | Found a blossoming altar of Fedhas.
  2738 | D:3      | Reached XP level 6. HP: 32/32 MP: 9/12
  3162 | D:4      | Noticed Grinder
  3164 | D:4      | Paralysed by Grinder for 4 turns
  3179 | D:4      | Killed Grinder
  3377 | D:4      | Reached XP level 7. HP: 37/37 MP: 10/14
  3497 | D:4      | Noticed Robin
  3500 | D:4      | Killed Robin
  3565 | D:4      | Found an ornate altar of the Wu Jian Council.
  3975 | D:4      | Killed Sigmund
  4101 | D:5      | Entered Level 5 of the Dungeon
  4101 | D:5      | Found a sand-covered staircase.
  4108 | Ossuary  | Entered an ossuary
  4128 | Ossuary  | Reached skill level 7 in Air Magic
  4129 | Ossuary  | Reached skill level 1 in Fighting
  4133 | Ossuary  | Reached skill level 5 in Conjurations
  4499 | D:5      | Identified a scroll of acquirement
  4501 | D:5      | Acquired 932 gold pieces
  4538 | D:5      | Found Guesoss's Weapon Shop.
  4670 | D:5      | Found a staircase to the Ecumenical Temple.
  4703 | D:5      | Found a glowing drain.
  4715 | Sewer    | Entered a sewer
  4871 | Sewer    | Noticed Pargi
  4888 | Sewer    | Killed Pargi
  4889 | Sewer    | Reached XP level 8. HP: 24/43 MP: 2/16
  4904 | Sewer    | Learned a level 2 spell: Static Discharge
  5423 | D:5      | Reached skill level 5 in Spellcasting
  5633 | D:5      | Reached skill level 1 in Armour
  5798 | D:5      | Reached skill level 8 in Air Magic
  5982 | D:5      | Reached skill level 1 in Unarmed Combat
  6231 | D:5      | Found Nasyckyb's Gadget Gallery.
  6261 | Temple   | Entered the Ecumenical Temple
  6268 | Temple   | Became a worshipper of Vehumet
  6663 | D:5      | Reached * piety under Vehumet
  6663 | D:5      | Offered knowledge of Sandblast by Vehumet.
  7155 | D:6      | Found a glowing golden altar of the Shining One.
  7296 | D:6      | Reached XP level 9. HP: 44/47 MP: 6/18
  8028 | D:7      | Reached skill level 9 in Air Magic
  8256 | D:7      | Found a large runed translucent door.
  8256 | D:7      | Found a large runed translucent door.
  8261 | D:7      | Noticed paps's ghost (novice DESu)
  8938 | D:8      | Killed from afar by a steam dragon

Illustrated notes

Levels and vault maps discovered:
D:1:      dpeg_arrival_windows_large_door, layout_loops_ring, serial_shops, shop
D:2:      layout_loops_ring, uniq_jessica
D:3:      layout_rooms, nicolae_overflow_ecumenical_swirl,
          gammafunk_temple_overflow_pools
D:4:      layout_layer_cave, mainiacjoe_overflow_tiny_flanked,
          minmay_snake_closets, uniq_sigmund, uniq_robin, uniq_grinder
D:5:      minmay_goblin_kobold_castle, layout_basic,
          minmay_temple_entry_mini_moons, cheibrodos_sewer_entry_drain,
          lightli_ossuary_entry_decrepit_ruins, serial_shops, shop_statue,
          nicolae_shop_gadgets
D:6:      layout_rooms, nicolae_tso_swordbearing_angel
D:7:      layout_loops_corners, ebering_ghost_disaster_area
D:8:      wander_guarded_unrand_ratskin, layout_basic,
          nemelex_spade_bored_becter
Temple:   nicolae_temple_no_exploring_needed

Skill      XL: |  1  2  3  4  5  6  7  8  9 |
---------------+----------------------------+-----
Air Magic      | 5 6 7 8 9 |  9.0
Conjurations   | 2 3 4 5 7 |  7.7
Spellcasting   | 3 4 5 6 |  6.6
Dodging        | 3 |  3.8
Fighting       | 1 |  1.7
Armour         | 2 |  2.5
Unarmed Combat | 1 |  1.6
Stealth        | 3 |  3.0

Action                   |  1- 3 |  4- 6 |  7- 9 || total
-------------------------+-------+-------+-------++-------
Melee: Unarmed           |       |     8 |    37 ||    45
       Peck              |       |     3 |     9 ||    12
       Kick              |       |     2 |    15 ||    17
       Spear             |       |       |     5 ||     5
 Cast: Shock             |    47 |   117 |   368 ||   532
       Swiftness         |       |     1 |     1 ||     2
       Static Discharge  |       |       |     4 ||     4
Evoke: Wand              |       |     1 |       ||     1
  Use: Scroll            |       |     2 |     9 ||    11
       Potion            |       |     1 |     1 ||     2
Armor: Robe              |     1 |     6 |    15 ||    22
       Troll leather arm |       |       |    30 ||    30
Dodge: Dodged            |     2 |    48 |   132 ||   182

Table legend: (Time is in decaauts)
 A = Elapsed time spent in this place.
 B = Non-inter-level travel time spent in this place.
 C = Inter-level travel time spent in this place.
 D = Time resting spent in this place.
 E = Time spent auto-exploring this place.
 F = Levels seen in this place.
 G = Mean time per level.
                   A        B        C        D        E       F      G
               +--------+--------+--------+--------+--------+-----+--------+
         Total |   8541 |   8358 |    183 |    551 |   6301 |  11 |  776.5 |
       Dungeon |   7749 |   7573 |    176 |    435 |   5907 |   8 |  968.6 |
        Temple |     13 |      7 |      6 |      0 |      0 |   1 |   13.0 |
         Sewer |    406 |    406 |      0 |     37 |    279 |   1 |  406.0 |
       Ossuary |    371 |    371 |      0 |     79 |    114 |   1 |  371.0 |
               +--------+--------+--------+--------+--------+-----+--------+

Top non-repeatable levels by time:
     D:5: 1855 daAuts
     D:4: 1311 daAuts
     D:7: 1199 daAuts
     D:2: 937 daAuts
     D:1: 927 daAuts
     D:3: 787 daAuts
     D:6: 631 daAuts
   Sewer: 406 daAuts
 Ossuary: 371 daAuts
     D:8: 98 daAuts
  Temple: 13 daAuts
